 Dungeon Crawl Stone Soup version 0.19-a0-1922-g1e9a4c1 (webtiles) character file.

488 witty the Skirmisher (level 7, 0/64 HPs)
             Began as a Ghoul Monk on Oct 24, 2016.
             Slain by an orc priest
             ... wielding a +0 club
              (5 damage)
             ... on level 4 of the Dungeon.
             The game lasted 00:07:20 (3787 turns).

witty the Skirmisher (Ghoul Monk)                   Turns: 3787, Time: 00:07:21

Health: 0/64       AC:  2    Str: 20    XL:     7   Next: 13%
Magic:  6/6        EV: 13    Int:  5    God:
Gold:   143        SH:  0    Dex: 13    Spells: 0 memorised, 6 levels left

rFire  . . .     SeeInvis .       - Unarmed
rCold  + . .     Gourm    .     a - +0 robe
rNeg   + + +     Faith    .     (no shield)
rPois  ∞         Spirit   .     (no helmet)
rElec  .         Reflect  .     (no cloak)
rCorr  .         Harm     .     (no gloves)
MR     .....                    (no boots)
Stlth  ++........               (no amulet)
                                (no ring)
                                (no ring)

@: mighty, about to teleport, rotting
A: rotting body, claws 1, carnivore 3, cold resistance 1, negative energy
resistance 3, slow regeneration 1, torment resistance, unbreathing
a: no special abilities


You were on level 4 of the Dungeon.
You were not hungry.

You visited 1 branch of the dungeon, and saw 4 of its levels.

You collected 143 gold pieces.

Inventory:

Hand Weapons
 l - a +2 mace of protection
   (You found it on level 3 of the Dungeon)
 p - a +3 flail of pain
   (You took it off an orc on level 4 of the Dungeon)
Armour
 a - a +0 robe (worn)
 f - a +0 pair of gloves
   (You found it on level 1 of the Dungeon)
Wands
 n - a wand of acid (1/15)
   (You found it on level 3 of the Dungeon)
Scrolls
 d - 2 scrolls of remove curse
 e - a scroll of fear {unknown}
 g - a scroll of magic mapping {unknown}
 i - 2 scrolls of identify
 o - 2 scrolls of recharging
Potions
 c - a potion of might
 h - a potion of curing {unknown}
 q - a potion of mutation {unknown}
Comestibles
 b - 4 meat rations {@e2}


   Skills:
 + Level 6.5 Fighting
 - Level 2.6 Dodging
 - Level 2.1 Stealth
 + Level 6.4 Unarmed Combat


You had 6 spell levels left.
You didn't know any spells.

Dungeon Overview and Level Annotations

Branches:
Dungeon (4/15)
 Temple: D:4-7

Altars:
Dithmenos
Gozag
Kikubaaqudgha
Nemelex Xobeh
Trog
Uskayaw
Zin
The Shining One


Innate Abilities, Weirdness & Mutations

Your body is rotting away.
You thrive on raw meat.
You are immune to poison.
You have sharp fingernails.
You are carnivorous and can eat meat at any time.
Your flesh is cold resistant. (rC+)
You are immune to negative energy. (rN+++)
You regenerate slowly when monsters are visible.
You are immune to unholy pain and torment.
You can survive without breathing.


Message History

A kobold comes into view.
The orc throws a stone.
The stone hits you.
You take 2 damage, and have 58/64 hp.
The kobold shouts!
You scratch the frilled lizard. The frilled lizard bites you.
A big kobold comes into view. It is wielding a short sword.
You take 1 damage, and have 57/64 hp.
You claw the frilled lizard!
You kill the frilled lizard!
The kobold throws a stone.
The stone misses you.
The orc throws a stone.
The stone hits you.
You take 1 damage, and have 56/64 hp.
A kobold comes into view.
The orc throws a stone.
The stone misses you.
A kobold comes into view. It is wielding a club.
The kobold shouts!
You claw the kobold!
You kill the kobold!
You claw the orc!
You kill the orc!
Items here: ! $ ( )) [ a flail of protection; 11 stones; a ring mail; a puce potion; 16 gold pieces a club You scratch the big kobold.
The kobold completely misses you.
A big kobold comes into view. It is wielding a short sword.
You closely miss the big kobold.
The big kobold shouts!
You scratch the big kobold.
The big kobold hits you with a short sword.
The kobold throws a stone.
The stone hits you but does no damage. The kobold misses you.
You take 1 damage, and have 56/64 hp.
You closely miss the big kobold.
The big kobold hits you with a short sword.
The kobold barely misses you. The kobold hits you with a club.
You take 5 damage, and have 51/64 hp.
You barely miss the big kobold. The big kobold closely misses you.
The kobold hits you but does no damage. x2
You barely miss the big kobold. The big kobold barely misses you.
The kobold barely misses you. The kobold hits you but does no damage.
You scratch the big kobold but do no damage.
The big kobold barely misses you. The kobold barely misses you.
A kobold comes into view. It is wielding a club.
You barely miss the big kobold. The kobold hits you with a club.
The big kobold hits you with a short sword.
The kobold hits you.
You take 11 damage, and have 40/64 hp.
You barely miss the big kobold. The kobold closely misses you.
The kobold shouts!
You claw the big kobold! The big kobold closely misses you.
The kobold hits you. The kobold barely misses you.
You take 2 damage, and have 38/64 hp.
The big kobold misses you. The big kobold closely misses you.
The big kobold hits you with a short sword.
You see here 2 stones.
You take 3 damage, and have 35/64 hp.
The big kobold hits you with a short sword.
You take 5 damage, and have 30/64 hp.
The orc priest shouts!
The kobold throws a stone.
The stone closely misses you.
The orc priest begins to cast a cantrip, but forgets the words!
Okay, then.
As you read the scroll labeled VEULOKHL ONATU, it crumbles to dust.
You feel blessed for a moment.
It was a scroll of remove curse.
The orc shouts!
The orc priest looks braver for a moment.
The big kobold closely misses you.
As you read the scroll labeled WETROQ LAVAUS, it crumbles to dust.
It is a scroll of identify.
o - 2 scrolls of recharging The big kobold hits you with a short sword.
You take 3 damage, and have 28/64 hp.
As you read the scroll labeled ZIDWEU QOONGU, it crumbles to dust.
It is a scroll of amnesia.
You feel forgetful for a moment. The kobold misses you.
The orc priest hits you with a club. The big kobold barely misses you.
The big kobold hits you with a short sword.
The kobold hits you.
* * * LOW HITPOINT WARNING * * *
You take 9 damage, and have 19/64 hp.
As you read the scroll labeled VIKHLE PIAMON, it crumbles to dust.
You feel strangely unstable.
It was a scroll of teleportation.
The orc misses you. The kobold hits you with a club.
* * * LOW HITPOINT WARNING * * *
The big kobold closely misses you.
The orc priest hits you but does no damage.
The big kobold hits you with a short sword.
* * * LOW HITPOINT WARNING * * *
The kobold closely misses you.
You take 5 damage, and have 14/64 hp.
It was a potion of might.
You feel very mighty all of a sudden. The orc closely misses you.
The big kobold hits you with a short sword.
* * * LOW HITPOINT WARNING * * *
The kobold hits you with a club.
* * * LOW HITPOINT WARNING * * *
The orc priest hits you with a club.
You die...

≈≈≈≈≈≈≈≈≈≈.....≈≈≈≈≈≈≈≈≈≈
≈≈≈≈≈≈≈≈≈≈≈....≈≈≈≈≈≈≈≈≈≈
≈≈≈≈≈≈≈≈≈....≈≈≈≈≈≈≈≈≈≈
####################''###########
..........#.).....#(...#
..........'.).....#....#
...).(..((#########....## #
#######.......KKK#o.(...#...
#.......KK@oo.o...'...
#........Ko#..)(..#...
......#########....##### .......'
#....# ........#. #....#
########### ######


You could see 2 big kobolds, 2 orc priests, 2 orc wizards, an orc and 4 kobolds.

Vanquished Creatures
  2 orc priests (D:4)
  3 hounds (D:4)
  2 orc wizards
  Jessica (D:3)
  An iguana (D:4)
  A worker ant (D:4)
  8 adders
  2 oozes
  An adder skeleton (D:4)
  3 worms (D:4)
  3 dart slugs
  4 leopard geckos
  12 orcs
  2 ball pythons
  9 bats
  4 giant cockroaches
  4 goblins
  12 hobgoblins
  16 kobolds
  3 quokkas
  4 frilled lizards
  8 rats
105 creatures vanquished.

Notes
Turn   | Place    | Note
-------+----------+-------------------------------------------
     0 | D:1      | witty the Ghoul Monk began the quest for the Orb.
     0 | D:1      | Reached XP level 1. HP: 19/19 MP: 0/0
    59 | D:1      | Reached XP level 2. HP: 11/26 MP: 1/1
    61 | D:1      | HP: 6/26 [leopard gecko (5)]
   583 | D:1      | Reached skill level 4 in Fighting
   583 | D:1      | Reached XP level 3. HP: 33/33 MP: 2/2
   633 | D:1      | Reached skill level 4 in Unarmed Combat
  1163 | D:2      | Reached XP level 4. HP: 34/41 MP: 3/3
  1471 | D:2      | Found a hide-covered altar of Uskayaw.
  1475 | D:2      | Found an ancient bone altar of Kikubaaqudgha.
  1480 | D:2      | Found a sparkling altar of Nemelex Xobeh.
  1810 | D:3      | Found an opulent altar of Gozag.
  1920 | D:3      | Noticed Jessica
  1954 | D:3      | Killed Jessica
  1954 | D:3      | Reached skill level 5 in Fighting
  1954 | D:3      | Reached skill level 5 in Unarmed Combat
  1954 | D:3      | Reached XP level 5. HP: 42/48 MP: 4/4
  1972 | D:3      | Found a glowing silver altar of Zin.
  1978 | D:3      | Found a shadowy altar of Dithmenos.
  2441 | D:3      | Reached XP level 6. HP: 33/56 MP: 5/5
  2787 | D:4      | Reached skill level 6 in Unarmed Combat
  3023 | D:4      | Reached skill level 6 in Fighting
  3152 | D:4      | Noticed a moth of wrath
  3155 | D:4      | Found a bloodstained altar of Trog.
  3301 | D:4      | Found a glowing golden altar of the Shining One.
  3343 | D:4      | Reached XP level 7. HP: 59/63 MP: 6/6
  3786 | D:4      | HP: 14/64 [big kobold/short sword (4)]
  3787 | D:4      | HP: 5/64 [kobold/club (3)]
  3787 | D:4      | Slain by an orc priest

Vault maps used:
D:1:      minmay_arrival_solitary_statue, hangedman_decor_clover_reticule
D:2:      minmay_overflow_temple_star_quad, serial_bayou_crossing
D:3:      grunt_temple_overflow_open, grunt_gozag_breadcrumbs, uniq_jessica
D:4:      minmay_goblin_kobold_castle, old_standard_altar, tgw_trog

Skill      XL: |  1  2  3  4  5  6 |
---------------+-------------------+-----
Fighting       | 4 5 6 |  6.5
Unarmed Combat | 4 5 6 |  6.4
Dodging        | |  2.6
Stealth        | |  2.1

Action                   |  1- 3 |  4- 6 |  7- 9 || total
-------------------------+-------+-------+-------++-------
Melee: Unarmed           |   123 |   182 |    54 ||   359
       Punch             |     1 |     8 |     1 ||    10
  Use: Scroll            |       |       |     4 ||     4
       Potion            |       |       |     1 ||     1
 Stab: Sleeping          |     6 |     8 |       ||    14
  Eat: Chunk             |    20 |    16 |     5 ||    41
Armor: Robe              |    22 |    22 |     7 ||    51
Dodge: Dodged            |    75 |   106 |    44 ||   225

Vault maps used:
D:1:      minmay_arrival_solitary_statue, hangedman_decor_clover_reticule
D:2:      minmay_overflow_temple_star_quad, serial_bayou_crossing
D:3:      grunt_temple_overflow_open, grunt_gozag_breadcrumbs, uniq_jessica
D:4:      minmay_goblin_kobold_castle, old_standard_altar, tgw_trog

Table legend:
 A = Turns spent in this place as a percentage of turns spent in the entire game.
 B = Non-inter-level travel turns spent in this place as a percentage of non-inter-level travel turns spent in the entire game.
 C = Inter-level travel turns spent in this place as a percentage of turns spent in this place.
 D = Turns resting spent in this place as a percentage of non-inter-level travel turns spent in this place.
 E = Turns spent auto-exploring this place as a percentage of non-inter-level travel turns spent in this place.
 F = Non-inter-level travel turns spent in this place divided by the number of levels of this place that you've seen.
                   A       B       C       D       E      F
               +-------+-------+-------+-------+-------+----------------------
         Total | 100.0 | 100.0 |   0.4 |   0.9 |   7.5 | 351.2
       Dungeon | 100.0 | 100.0 |   0.4 |   0.9 |   7.5 | 351.2
               +-------+-------+-------+-------+-------+----------------------

Table legend:
 A = Kills in this place as a percentage of kills in entire the game.
 B = Kills by you in this place as a percentage of kills by you in the entire game.
 C = Kills by friends in this place as a percentage of kills by friends in the entire game.
 D = Other kills in this place as a percentage of other kills in the entire game.
 E = Experience gained in this place as a percentage of experience gained in the entire game.
 F = Experience gained in this place divided by the number of levels of this place that you have seen.
                   A       B       C       D       E      F
               +-------+-------+-------+-------+-------+----------------------
         Total | 100.0 | 100.0 |  -nan |  -nan | 100.0 | 174.5
       Dungeon | 100.0 | 100.0 |  -nan |  -nan | 100.0 | 174.5
               +-------+-------+-------+-------+-------+----------------------
